 Dungeon Crawl Stone Soup version 0.23.0 (webtiles) character file.

Game seed: 13814823925327106831

338 Borgoz the Ruffian (level 6, -3/51 HPs)
             Began as a Ghoul Gladiator on Feb 16, 2019.
             Slain by a scorpion (8 damage)
             ... on level 4 of the Dungeon.
             The game lasted 00:04:27 (2289 turns).

Borgoz the Ruffian (Ghoul Gladiator)                Turns: 2289, Time: 00:04:28

Health: -3/51      AC:  4    Str: 23    XL:     6   Next: 55%
Magic:  5/5        EV: 13    Int:  3    God:
Gold:   171        SH:  0    Dex: 12    Spells: 5/5 levels left

rFire    . . .     SeeInvis .     - Unarmed
rCold    + . .     Gourm    .   (no shield)
rNeg     + + +     Faith    .   a - +0 leather armour
rPois    ∞         Spirit   .   b - +0 helmet
rElec    .         Reflect  .   (no cloak)
rCorr    .         Harm     .   (no gloves)
MR       .....                  (no boots)
Stlth    +.........             (no amulet)
HPRegen  0.00/turn              (no ring)
MPRegen  0.09/turn              (no ring)

@: mighty, rotting
A: rotting body, claws 1, carnivore, cold resistance 1, negative energy
resistance 3, inhibited regeneration, torment resistance, unbreathing
a: no special abilities


You were on level 4 of the Dungeon.
You were not hungry.

You visited 1 branch of the dungeon, and saw 4 of its levels.

You collected 171 gold pieces.

Inventory:

Missiles
 c - 3 throwing nets (quivered)
Armour
 a - a +0 leather armour (worn)
 b - a +0 helmet (worn)
Jewellery
 o - a cursed -3 ring of intelligence {unknown}
Scrolls
 e - 7 scrolls of remove curse {unknown}
 g - a scroll of teleportation {unknown}
 h - 3 scrolls of identify {unknown}
 k - a scroll of amnesia {unknown}
 l - a scroll of noise {unknown}
 r - a scroll of random uselessness {unknown}
 s - 2 scrolls of magic mapping {unknown}
 t - a scroll of enchant armour {unknown}
Potions
 i - a potion of brilliance {unknown}
 j - 2 potions of curing {unknown}
 m - a potion of degeneration {unknown}
 n - a potion of agility {unknown}
 p - a potion of might
 q - a potion of berserk rage {unknown}
Comestibles
 d - 9 rations
 f - a chunk of flesh


   Skills:
 + Level 3.1 Fighting
 + Level 2.2 Throwing
 - Level 2.0 Armour
 + Level 3.9 Dodging
 - Level 1.0 Stealth
 + Level 5.5 Unarmed Combat


You had 5 spell levels left.
You didn't know any spells.
Your spell library was empty.

Dungeon Overview and Level Annotations

Branches:
Dungeon (4/15)
 Temple: D:4-7

Altars:
Dithmenos
Fedhas
Kikubaaqudgha
Qazlal
Trog
The Shining One


Innate Abilities, Weirdness & Mutations

Your body is rotting away.
You thrive on raw meat.
You are immune to poison.
You have sharp fingernails.
You are carnivorous and can eat meat at any time.
Your flesh is cold resistant. (rC+)
You are immune to negative energy. (rN+++)
You do not regenerate when monsters are visible.
You are immune to unholy pain and torment.
You can survive without breathing.


Message History

You claw the scorpion!
The scorpion is heavily wounded.
The hound bites you.
* * * LOW HITPOINT WARNING * * *
The scorpion stings you but does no damage.
The orc hits you.
* * * LOW HITPOINT WARNING * * *
You scratch the scorpion. Your claw misses the scorpion.
The scorpion is severely wounded.
The hound bites you.
* * * LOW HITPOINT WARNING * * *
The scorpion stings you but does no damage.
The orc hits you but does no damage. The hound bites you but does no damage.
You closely miss the hound. The hound misses you.
The scorpion barely misses you. The orc hits you.
* * * LOW HITPOINT WARNING * * *
You claw the hound! Your claw misses the hound.
The hound is severely wounded.
The hound closely misses you. The scorpion stings you!
You die...

##.####..#..#
##........##.#
#......(..#..##
..#.............# #
#.........#.....## ###
.$###....##.....####..
#.....##.....#....
#)h....##........#
#@o....###.....###
#s.#.###........#
.........###.....#.....#
.......###.....####.....
#...... ...## ##....
....... ### .....
......# ##### #.....
....##


You could see a scorpion, a hound and an orc.

Vanquished Creatures
  A crimson imp (D:3)
  A hound (D:4)
  An orc priest (D:4)
  2 orc wizards (D:4)
  A worker ant (D:4)
  A gnoll (D:1)
  5 adders
  An ooze (D:1)
  A worm (D:2)
  A dart slug (D:2)
  2 leopard geckos (D:3)
  8 orcs
  2 ball pythons (D:2)
  10 bats
  7 giant cockroaches
  9 goblins
  7 hobgoblins
  11 jackals
  8 kobolds
  3 frilled lizards (D:1)
  11 rats
93 creatures vanquished.

Notes
Turn   | Place    | Note
-------+----------+-------------------------------------------
     0 | D:1      | Borgoz the Ghoul Gladiator began the quest for the Orb.
     0 | D:1      | Reached XP level 1. HP: 17/17 MP: 0/0
    59 | D:1      | Reached XP level 2. HP: 10/25 MP: 1/1
   225 | D:1      | Reached XP level 3. HP: 28/30 MP: 2/2
   746 | D:1      | Reached skill level 4 in Unarmed Combat
   892 | D:1      | Reached XP level 4. HP: 22/37 MP: 3/3
   962 | D:2      | Found a stormy altar of Qazlal.
  1027 | D:2      | Found a shadowy altar of Dithmenos.
  1239 | D:2      | Reached skill level 1 in Armour
  1313 | D:3      | Found a blossoming altar of Fedhas.
  1313 | D:3      | Found an ancient bone altar of Kikubaaqudgha.
  1454 | D:3      | Found a faded altar of an unknown god.
  1486 | D:3      | Reached XP level 5. HP: 40/42 MP: 4/4
  1596 | D:3      | Found a glowing golden altar of the Shining One.
  1692 | D:3      | Reached skill level 5 in Unarmed Combat
  1736 | D:3      | Found a bloodstained altar of Trog.
  2203 | D:4      | Reached XP level 6. HP: 35/50 MP: 5/5
  2220 | D:4      | Reached skill level 1 in Stealth
  2289 | D:4      | Slain by a scorpion

Skill      XL: |  1  2  3  4  5  6 |
---------------+-------------------+-----
Dodging        | 3 |  3.9
Unarmed Combat | 4 5 |  5.5
Armour         | 1 2 |  2.0
Stealth        | 1 |  1.0
Throwing       | 2 |  2.2
Fighting       | 3 |  3.1

Action                   |  1- 3 |  4- 6 || total
-------------------------+-------+-------++-------
Melee: Unarmed           |   103 |   211 ||   314
       Punch             |     1 |     2 ||     3
  Use: Potion            |       |     1 ||     1
 Stab: Sleeping          |       |     2 ||     2
  Eat: Chunk             |     8 |    18 ||    26
Armor: Leather armour    |    37 |    47 ||    84
Dodge: Dodged            |    83 |   164 ||   247
